Cogmind - Beta 14 @@@ ROGUE MODE // 2024.11.30 @ 17:45:13 Player: Tyrockal Result: Destroyed by S-27 Virus with Autogun Performance ------------- Evolutions (4) 2000 Regions Visited (11) 2200 Robots Destroyed (68) 340 Value Destroyed (2591) 2591 Prototype IDs (13) 260 Alien Tech Used (0) 0 Bonus (615) 615 TOTAL SCORE: 8006 Bonus ------- High Alert Combat Kills 24 Aligned with FarCom 300 Met Data Miner 300 Friendly Fire -9 Cogmind --------- Core Integrity 0/850 Matter 300/300 Energy 99/100 System Corruption 0% Temperature Cool (0) Movement Core (50) Location -5/Proximity Caves Parts ------- > --- POWER (2) -------- (None) > --- PROPULSION (5) --- (None) > --- UTILITY (4) ------ Melee Analysis Suite > --- WEAPON (4) ------- (None) > --- INVENTORY (5) ---- Skeleton Box Peak State ------------ > --- POWER ------------ Micro Nuclear Core Neutrino Core > --- PROPULSION ------- VSS Leg VSS Leg Improved Carbon-fiber Leg Light Armored Exoskeleton > --- UTILITY ---------- Small Storage Unit Melee Analysis Suite Power Shielding Improved Light Armor Plating > --- WEAPON ----------- Improved EM Pulse Cannon Gauss Rifle Greatsword > --- INVENTORY -------- Deuterium Engine Light Nuclear Core Hardened Medium Armor Plating Medium Reactive Plating Skeleton Box Gauss Rifle Improved Grenade Launcher Improved Grenade Launcher [Rating: 54] Favorites ----------- Power Micro Nuclear Core Engine Light Deuterium Engine Power Core Micro Nuclear Core Propulsion Improved Hover Unit Leg VSS Leg Hover Unit Improved Hover Unit Flight Unit Flight Unit Utility Small Storage Unit Device Terrain Scanner Storage Small Storage Unit Processor Melee Analysis Suite Protection Hardened Medium Armor Plating Weapon Gauss Rifle Energy Gun Heavy EM Pulse Gun Energy Cannon Improved EM Pulse Cannon Ballistic Gun Gauss Rifle Launcher Improved Grenade Launcher Slashing Weapon Ripper Build | -11 -10 -10 -10 -9 -8 -7 -6 -6 -6 -6 -5 ------- Run | Yrd Mat Min Exi Min Mat Fac Fac Low Low Dat Pro Slots Evolved 8 | . . . . . 4 2 2 . . . . Power 1 | . . . . . . 1 . . . . . Propulsion 3 | . . . . . 2 . 1 . . . . Utility 2 | . . . . . 2 . . . . . . Weapon 2 | . . . . . . 1 1 . . . . Parts Attached 99 | 6 5 3 1 . 31 19 3 7 21 1 2 Power 15 | 1 . 1 . . 4 3 . 2 4 . . Engine 7 | 1 . 1 . . 3 1 . 1 . . . Core 8 | . . . . . 1 2 . 1 4 . . Reactor . | . . . . . . . . . . . . Propulsion 23 | 2 2 1 . . 11 5 1 . . . 1 Treads . | . . . . . . . . . . . . Leg 12 | 2 . . . . 4 5 1 . . . . Wheel . | . . . . . . . . . . . . Hover 9 | . 2 1 . . 5 . . . . . 1 Flight 2 | . . . . . 2 . . . . . . Utility 19 | 1 1 . 1 . 11 3 . 1 1 . . Device 6 | . 1 . 1 . 4 . . . . . . Storage 2 | 1 . . . . 1 . . . . . . Processor 2 | . . . . . 2 . . . . . . Hackware . | . . . . . . . . . . . . Protection 9 | . . . . . 4 3 . 1 1 . . Artifact . | . . . . . . . . . . . . Weapon 42 | 2 2 1 . . 5 8 2 4 16 1 1 Energy Gun 9 | . 2 1 . . 2 2 . . 2 . . Energy Cannon 3 | . . . . . . 2 . 1 . . . Ballistic Gun 19 | 2 . . . . 1 1 2 3 8 1 1 Ballistic Cannon . | . . . . . . . . . . . . Launcher 6 | . . . . . . 2 . . 4 . . Special Weapon . | . . . . . . . . . . . . Impact Weapon . | . . . . . . . . . . . . Slashing Weapon 5 | . . . . . 2 1 . . 2 . . Piercing Weapon . | . . . . . . . . . . . . Special Melee Weapon . | . . . . . . . . . . . . Unidentified Prototypes 2 | . . . 1 . 1 . . . . . . Parts Lost 39 | . . 2 . . 7 2 . 4 19 . 5 Power 8 | . . . . . 2 . . 1 5 . . Propulsion 10 | . . 1 . . 4 . . 1 3 . 1 Utility 7 | . . . . . . 2 . 1 3 . 1 Weapon 14 | . . 1 . . 1 . . 1 8 . 3 Highest Loss Streak 7 | . . 2 . . 2 1 . 4 7 . 5 To Critical Strikes . | . . . . . . . . . . . . Average Slot Usage (%) 68 | . 82 79 71 71 88 85 86 80 47 26 31 Engine 5 | . 14 14 14 14 7 1 6 1 2 . . Core 3 | . . . . . . 13 6 10 3 . . Leg 9 | . 18 . . . 13 17 26 24 5 . . Hover 9 | . 9 27 28 28 15 . . . . . 2 Device 1 | . 2 9 . . 2 . . . . . . Storage 7 | . 14 14 14 14 9 7 6 6 4 . . Processor 5 | . . . . . 7 7 6 6 6 6 6 Protection 7 | . . . . . 14 14 13 11 3 6 5 Energy Gun 7 | . 16 12 14 14 10 6 . . 5 . . Ballistic Gun 4 | . 7 . . . 4 5 6 6 6 6 8 Slashing Weapon 3 | . . . . . 2 7 6 6 4 6 5 Peak Build Rating 54 | 6 11 10 16 10 33 46 51 54 49 15 23 Average Rating 27 | 4 8 9 10 10 28 44 50 50 32 15 18 On Entrance 20 | . 6 10 10 10 10 30 44 51 49 12 15 Naked Turns . | . . . . . . . . . . . . Heaviest Build 46 | 13 16 15 15 15 28 45 40 45 46 27 31 Greatest Support 72 | 20 20 14 14 14 37 60 72 72 60 3 9 Greatest Overweight (x) 13 | 2 1 1 1 1 2 1 . . 13 8 8 Average Overweight (x) . | . . . 1 1 . . . . 1 8 4 Largest Inventory Capacity 8 | 8 8 8 8 8 8 8 8 8 8 5 5 Average Capacity 7 | 6 8 8 8 8 8 8 8 8 7 5 5 Most Carried 8 | 2 8 8 8 8 8 8 7 8 8 1 1 Average Carried 6 | 1 4 7 7 8 7 7 6 7 5 1 1 Final Capacity 8 | 8 8 8 8 8 8 8 8 8 5 5 5 Final Carried 8 | 2 7 7 8 8 8 8 7 5 2 1 1 Class Distribution -------------------- 73% | Mutant 13% | Gladiator 9% | Gunner Dominant Class ---------------- Mutant | -10/Materials Mutant | -10/Mines Mutant | -10/Exiles Mutant | -9/Mines Mutant | -8/Materials Mutant | -7/Factory Gladiator | -6/Factory Gladiator | -6/Lower Caves Gunner | -6/Lower Caves Mutant | -6/Data Miner Mutant | -5/Proximity Caves Resources | -11 -10 -10 -10 -9 -8 -7 -6 -6 -6 -6 -5 ----------- Run | Yrd Mat Min Exi Min Mat Fac Fac Low Low Dat Pro Matter Collected 1591 | 209 . 120 . . 349 261 . 120 476 . 56 Remotely . | . . . . . . . . . . . . Salvage Created 2408 | . . 160 . . 1093 415 . 117 623 . . Parts 112 | . . 9 . . 58 14 . 5 26 . . Haulers Intercepted 1 | . . . . . 1 . . . . . . Recyclers Shooed . | . . . . . . . . . . . . Parts Field Recycled . | . . . . . . . . . . . . Retrieved Matter . | . . . . . . . . . . . . Parts Self-Destructed 31 | . . . . . . . . 5 26 . . Prevented 3 | . . . . . . . . . 3 . . Kills | -11 -10 -10 -10 -9 -8 -7 -6 -6 -6 -6 -5 ------- Run | Yrd Mat Min Exi Min Mat Fac Fac Low Low Dat Pro Combat Hostiles Destroyed 61 | . . 3 . . 20 11 . 2 25 . . Melee 10 | . . . . . 5 1 . 2 2 . . Guns 27 | . . 3 . . 13 2 . . 9 . . AOE 22 | . . . . . . 8 . . 14 . . Classes Destroyed 10 | . . 2 . . 4 4 . . . . . Worker 1 | . . . . . . 1 . . . . . Hauler 1 | . . . . . 1 . . . . . . Recycler 1 | . . . . . . 1 . . . . . Watcher 4 | . . . . . 4 . . . . . . Swarmer 23 | . . . . . 5 4 . . 14 . . Grunt 19 | . . 2 . . 4 3 . 2 8 . . Duelist 1 | . . . . . . 1 . . . . . Sentry 12 | . . 1 . . 7 1 . . 3 . . Hunter 4 | . . . . . 4 . . . . . . Programmer 2 | . . . . . . 2 . . . . . Best Kill Streak 11 | . . 2 . . 4 6 . 2 11 . . Combat Bots Only 11 | . . 2 . . 3 4 . 2 11 . . Max Kills in Single Turn 4 | . . 1 . . 2 3 . 1 4 . . Gunslinging 1 | . . . . . 1 . . . . . . Exploded 4 | . . . . . . 3 . . 4 . . Melee 1 | . . . . . 1 1 . 1 1 . . Uniques/NPCs Destroyed . | . . . . . . . . . . . . Combat | -11 -10 -10 -10 -9 -8 -7 -6 -6 -6 -6 -5 -------- Run | Yrd Mat Min Exi Min Mat Fac Fac Low Low Dat Pro Hostile Shots Fired 659 | . . 10 . . 145 104 18 68 265 . 49 Missed 232 | . . 4 . . 43 42 8 32 88 . 15 Damage Taken 6366 | . . 155 . . 1193 707 78 738 2869 . 626 Core 1236 | . . 43 . . 248 82 . 66 470 . 327 Absorbed by Shields . | . . . . . . . . . . . . Redirected to Shielding 50 | . . . . . . . 3 47 . . . Ignored by Resistances 63 | . . . . . 40 23 . . . . . Core Remaining (%) 81 | 100 . . . 82 54 88 . . . . . Volleys Fired 156 | . . 24 . . 71 20 . . 41 . . Largest 3 | . . 1 . . 2 2 . . 3 . . Hottest 186 | . . 45 . . 90 97 . . 186 . . Shots Fired 248 | . . 24 . . 107 36 . . 81 . . Gun 229 | . . 24 . . 107 30 . . 68 . . Cannon . | . . . . . . . . . . . . Launcher 19 | . . . . . . 6 . . 13 . . Special . | . . . . . . . . . . . . Kinetic 75 | . . . . . 16 12 . . 47 . . Thermal 71 | . . . . . 32 18 . . 21 . . Explosive 19 | . . . . . . 6 . . 13 . . Electromagnetic 83 | . . 24 . . 59 . . . . . . Robot Hit Streak 17 | . . 6 . . 10 17 . . 8 . . Robot Miss Streak 4 | . . 2 . . 2 4 . . 4 . . Penetration Max 1 | . . . . . 1 . . . . . . Secondary Targets 2 | . . . . . 1 . . . 1 . . Max Gunslinging Chain 1 | . . . . . 1 . . . 1 . . Shots Hit Robots 195 | . . 16 . . 90 25 1 7 52 . 4 Core Hits 112 | . . 6 . . 35 20 . 3 47 . 1 Critical Kills 1 | . . . . . 1 . . . . . . Critical Parts Destroyed 1 | . . . . . . . . . 1 . . Critical Strikes 11 | . . 1 . . 4 3 . 2 1 . . Burn 4 | . . . . . 1 3 . . . . . Destroy 3 | . . . . . 2 . . . 1 . . Corrupt 1 | . . 1 . . . . . . . . . Sever 3 | . . . . . 1 . . 2 . . . Melee Attacks 46 | . . . . . 21 4 1 7 9 . 4 Impact . | . . . . . . . . . . . . Slashing 46 | . . . . . 21 4 1 7 9 . 4 Piercing . | . . . . . . . . . . . . Sneak Attacks . | . . . . . . . . . . . . Combat Hostiles . | . . . . . . . . . . . . Follow-up Attacks . | . . . . . . . . . . . . Damage Inflicted 6710 | . . 249 . . 1994 1162 53 301 2808 . 143 Guns 2872 | . . 237 . . 1303 462 . . 870 . . Cannons . | . . . . . . . . . . . . Explosions 2492 | . . . . . 82 670 . . 1740 . . Melee 1331 | . . . . . 609 30 53 301 198 . 140 Ramming 15 | . . 12 . . . . . . . . 3 Kinetic 901 | . . . . . 239 112 . . 550 . . Thermal 1132 | . . . . . 462 350 . . 320 . . Explosive 2410 | . . . . . . 670 . . 1740 . . Electromagnetic 921 | . . 237 . . 684 . . . . . . Impact . | . . . . . . . . . . . . Slashing 1331 | . . . . . 609 30 53 301 198 . 140 Piercing . | . . . . . . . . . . . . Highest Corruption 2 | . . . . . . 2 . . . . . Average Corruption 1 | . . . . . . 1 . . . . . Corruption Purged . | . . . . . . . . . . . . Corruption Blocked . | . . . . . . . . . . . . Effects 4 | . . . . . . 4 . . . . . Message Errors 1 | . . . . . . 1 . . . . . Heat Flow Errors 1 | . . . . . . 1 . . . . . Data Loss (major) 1 | . . . . . . 1 . . . . . Alerts 1 | . . . . . . 1 . . . . . Overload Shots . | . . . . . . . . . . . . Overflow Damage 129 | . . . . . 7 . . . 122 . . Projectiles . | . . . . . . . . . . . . Explosions 104 | . . . . . 7 . . . 97 . . Melee 25 | . . . . . . . . . 25 . . Knockbacks 1 | . . 1 . . . . . . . . . Impact 1 | . . 1 . . . . . . . . . Kinetic . | . . . . . . . . . . . . Secondary . | . . . . . . . . . . . . Self-Inflicted Damage 197 | . . 5 . . . 47 . . 144 . 1 Shots 5 | . . . . . . 1 . . 4 . . Rammed 4 | . . 3 . . . . . . . . 1 Targets Rammed 4 | . . 3 . . . . . . . . 1 Kicked . | . . . . . . . . . . . . Crushed . | . . . . . . . . . . . . Highest Temperature 497 | . . 93 . . 280 389 . . 497 . . Average Temperature 118 | . . 41 . . 80 184 . . 144 . . Received Heat Transfer 1416 | . . 36 . . 279 156 24 84 639 . 198 Effects 12 | . . . . . . 7 . . 5 . . Shutdowns 5 | . . . . . . 2 . . 3 . . Energy Bleed 1 | . . . . . . 1 . . . . . Interference 3 | . . . . . . 3 . . . . . Short Circuit 1 | . . . . . . 1 . . . . . Damage (major) 2 | . . . . . . . . . 2 . . Siege Activations . | . . . . . . . . . . . . Robots Corrupted 2 | . . . . . 2 . . . . . . Combat Hostiles 2 | . . . . . 2 . . . . . . Parts Fried 4 | . . . . . 4 . . . . . . Impact Corruptions . | . . . . . . . . . . . . Robots Melted . | . . . . . . . . . . . . Combat Hostiles . | . . . . . . . . . . . . Parts Melted 6 | . . . . . . 5 . . 1 . . Heat Transferred 2246 | . . . . . 877 814 . . 555 . . Parts Sabotaged . | . . . . . . . . . . . . Parts Stolen . | . . . . . . . . . . . . Parts Stripped . | . . . . . . . . . . . . Power Chain Reactions 2 | . . . . . 2 . . . . . . Alert | -11 -10 -10 -10 -9 -8 -7 -6 -6 -6 -6 -5 ------- Run | Yrd Mat Min Exi Min Mat Fac Fac Low Low Dat Pro Peak Influence 411 | . . 65 . 5 411 252 64 . . . . Initial 145 | . . . . . 1 145 49 . . . . Average 173 | . . 46 . 1 273 172 50 . . . . Maximum Alert Level 2 | . . . . . 2 1 . . . . . Low Security (%) 50 | 100 100 100 . 100 9 68 100 . . . . Level 1 48 | . . . . . 88 31 . . . . . Level 2 . | . . . . . 2 . . . . . . Level 3 . | . . . . . . . . . . . . Level 4 . | . . . . . . . . . . . . Level 5 . | . . . . . . . . . . . . High Security . | . . . . . . . . . . . . Max Security . | . . . . . . . . . . . . Squads Dispatched 11 | . . . . . 8 2 . . . . 1 Investigation 3 | . . . . . 3 . . . . . . Extermination 2 | . . . . . . 2 . . . . . Reinforcement 4 | . . . . . 4 . . . . . . Assault 1 | . . . . . . . . . . . 1 Garrison 1 | . . . . . 1 . . . . . . Intercept . | . . . . . . . . . . . . Searches Triggered . | . . . . . . . . . . . . Construction Impeded . | . . . . . . . . . . . . Haulers Reinforced . | . . . . . . . . . . . . Active Scanning Responses . | . . . . . . . . . . . . Cargo Convoy Interrupts . | . . . . . . . . . . . . Stealth | -11 -10 -10 -10 -9 -8 -7 -6 -6 -6 -6 -5 --------- Run | Yrd Mat Min Exi Min Mat Fac Fac Low Low Dat Pro Distress Signals 5 | . . . . . 2 . . . . . 3 Communications Jammed . | . . . . . . . . . . . . Distress Signals . | . . . . . . . . . . . . Times Spotted 102 | . . 8 . . 30 12 2 6 27 . 17 Peak Tracking Total 16 | . . 2 . . 4 4 2 3 11 . 16 Tactical Retreats 9 | . . 1 . . 1 . . 4 3 . . Traps | -11 -10 -10 -10 -9 -8 -7 -6 -6 -6 -6 -5 ------- Run | Yrd Mat Min Exi Min Mat Fac Fac Low Low Dat Pro Traps Triggered 3 | . . . . . 3 . . . . . . Indirectly . | . . . . . . . . . . . . Trap Hack Attempts . | . . . . . . . . . . . . Triggered . | . . . . . . . . . . . . Disarmed . | . . . . . . . . . . . . Reprogrammed . | . . . . . . . . . . . . Reused . | . . . . . . . . . . . . Traps Extracted . | . . . . . . . . . . . . Installed . | . . . . . . . . . . . . Triggered 1 | . . . . . . . . . 1 . . Machines | -11 -10 -10 -10 -9 -8 -7 -6 -6 -6 -6 -5 ---------- Run | Yrd Mat Min Exi Min Mat Fac Fac Low Low Dat Pro Machines Disabled 8 | . . . . . 5 . . . 2 . 1 Max in Single Turn 1 | . . . . . 1 . . . 1 . . Machines Repaired . | . . . . . . . . . . . . Machines Dismantled . | . . . . . . . . . . . . Machines Sabotaged . | . . . . . . . . . . . . Overloaded Fab Kills . | . . . . . . . . . . . . Hacking | -11 -10 -10 -10 -9 -8 -7 -6 -6 -6 -6 -5 --------- Run | Yrd Mat Min Exi Min Mat Fac Fac Low Low Dat Pro Machines Accessed 10 | . 1 . 1 1 1 1 . . 1 4 . Terminals 4 | . 1 . . 1 1 1 . . . . . Fabricators . | . . . . . . . . . . . . Repair Stations . | . . . . . . . . . . . . Recycling Units . | . . . . . . . . . . . . Scanalyzers . | . . . . . . . . . . . . Garrison Access . | . . . . . . . . . . . . Total Hacks 37 | . 2 . 1 1 1 1 . . 1 30 . Successful 35 | . 1 . 1 1 1 . . . 1 30 . Failed 2 | . 1 . . . . 1 . . . . . Catastrophic . | . . . . . . . . . . . . Database Lockouts . | . . . . . . . . . . . . Manual 1 | . . . 1 . . . . . . . . Terminals 5 | . 2 . . 1 1 1 . . . . . Fabricators . | . . . . . . . . . . . . Repair Stations . | . . . . . . . . . . . . Recycling Units . | . . . . . . . . . . . . Scanalyzers . | . . . . . . . . . . . . Garrison Access . | . . . . . . . . . . . . Terminal Hacks 35 | . 1 . 1 1 1 . . . 1 30 . Record 13 | . . . 1 . 1 . . . . 11 . Part Schematic 11 | . . . . . . . . . . 11 . Robot Schematic 5 | . . . . . . . . . . 5 . Prototype ID Bank 3 | . . . . . . . . . . 3 . Open Door 1 | . . . . . . . . . 1 . . Zone Layout 2 | . 1 . . 1 . . . . . . . Fabricator Hacks . | . . . . . . . . . . . . Repair Station Hacks . | . . . . . . . . . . . . Recycling Unit Hacks . | . . . . . . . . . . . . Scanalyzer . | . . . . . . . . . . . . Garrison Access Hacks . | . . . . . . . . . . . . Unauthorized Hacks . | . . . . . . . . . . . . Terminals . | . . . . . . . . . . . . Fabricators . | . . . . . . . . . . . . Repair Stations . | . . . . . . . . . . . . Recycling Units . | . . . . . . . . . . . . Scanalyzers . | . . . . . . . . . . . . Garrison Access . | . . . . . . . . . . . . Data Cores Recovered . | . . . . . . . . . . . . Used . | . . . . . . . . . . . . Hacking Detections 2 | . 1 . . . . 1 . . . . . Full Trace Events . | . . . . . . . . . . . . Feedback Events . | . . . . . . . . . . . . Feedback Blocked . | . . . . . . . . . . . . Robot Schematics Acquired 5 | . . . . . . . . . . 5 . Robots Built . | . . . . . . . . . . . . Authchips . | . . . . . . . . . . . . Time . | . . . . . . . . . . . . Total Robot Build Rating . | . . . . . . . . . . . . Part Schematics Acquired 11 | . . . . . . . . . . 11 . Parts Built . | . . . . . . . . . . . . Authchips . | . . . . . . . . . . . . Time . | . . . . . . . . . . . . Total Part Build Rating . | . . . . . . . . . . . . Parts Repaired . | . . . . . . . . . . . . Time . | . . . . . . . . . . . . Parts Recycled . | . . . . . . . . . . . . Recycled Matter . | . . . . . . . . . . . . Retrieved Matter . | . . . . . . . . . . . . Retrieved Components . | . . . . . . . . . . . . Parts Scanalyzed . | . . . . . . . . . . . . Part Schematics Acquired . | . . . . . . . . . . . . Parts Damaged . | . . . . . . . . . . . . Bothacking | -11 -10 -10 -10 -9 -8 -7 -6 -6 -6 -6 -5 ------------ Run | Yrd Mat Min Exi Min Mat Fac Fac Low Low Dat Pro Used RIF Installer . | . . . . . . . . . . . . Robots Hacked . | . . . . . . . . . . . . Non-combat . | . . . . . . . . . . . . Combat . | . . . . . . . . . . . . Robot Hacks Applied . | . . . . . . . . . . . . Relay Couplers Released . | . . . . . . . . . . . . Fabnet Peak Effective % . | . . . . . . . . . . . . Robots Rewired . | . . . . . . . . . . . . Allies Hacked . | . . . . . . . . . . . . Hacks Repelled . | . . . . . . . . . . . . Allies | -11 -10 -10 -10 -9 -8 -7 -6 -6 -6 -6 -5 -------- Run | Yrd Mat Min Exi Min Mat Fac Fac Low Low Dat Pro Total Allies 1 | . . . . . . . . . . . 1 Largest Group 1 | . . . . . . . . . . . 1 Highest-Rated Group 96 | . . . . . . . . . . . 96 Highest-Rated Ally 96 | . . . . . . . . . . . 96 Total Orders . | . . . . . . . . . . . . Ally Attacks 3 | . . . . . . . . . . . 3 Total Damage 290 | . . . . . . . . . . . 290 Kills . | . . . . . . . . . . . . Allies Corrupted . | . . . . . . . . . . . . Allies Melted . | . . . . . . . . . . . . Intel | -11 -10 -10 -10 -9 -8 -7 -6 -6 -6 -6 -5 ------- Run | Yrd Mat Min Exi Min Mat Fac Fac Low Low Dat Pro Robot Analysis Total . | . . . . . . . . . . . . Derelict Logs Recovered 3 | . . 1 . . . . . 1 1 . . Drone Launches . | . . . . . . . . . . . . Drone Recoveries . | . . . . . . . . . . . . Exploration | -11 -10 -10 -10 -9 -8 -7 -6 -6 -6 -6 -5 ------------- Run | Yrd Mat Min Exi Min Mat Fac Fac Low Low Dat Pro Turns Passed 7220 | 77 194 424 478 350 1679 803 60 766 1229 379 781 Spaces Moved 4479 | 57 199 460 411 302 1023 521 45 658 454 85 264 Core 294 | 13 . . . . . . . . 90 85 106 Treads . | . . . . . . . . . . . . Legs 2341 | 44 95 . . . 614 521 45 658 364 . . Wheels . | . . . . . . . . . . . . Hover 1844 | . 104 460 411 302 409 . . . . . 158 Flight . | . . . . . . . . . . . . Fastest Speed 48 | 50 56 56 116 116 48 100 110 110 116 450 50 Average Speed 137 | 116 87 61 116 116 112 130 110 111 233 450 290 Slowest Speed 700 | 150 120 120 116 116 200 250 110 116 700 450 450 Overloaded Moves . | . . . . . . . . . . . . Propulsion Burnouts . | . . . . . . . . . . . . Robots Hopped . | . . . . . . . . . . . . Cave-ins Triggered . | . . . . . . . . . . . . Exploration Rate (%) 48 | 5 32 71 89 58 69 15 3 57 67 73 39 Regions Visited 11 Branch Regions 7 Pre-discovered Areas 1 | . . . . . . . . . . 1 . Known Exits Taken . | . . . . . . . . . . . . Unknown Exits Taken 11 | 1 1 1 1 1 1 1 1 1 1 1 . Scrap Searched 4 | . . . . . . . . 1 2 . 1 Spaces Dug . | . . . . . . . . . . . . Terrain Destroyed 142 | . . . . . 14 31 . . 97 . . Melee . | . . . . . . . . . . . . Projectile 6 | . . . . . 1 . . . 5 . . AOE 136 | . . . . . 13 31 . . 92 . . Terrain Rammed . | . . . . . . . . . . . . Walls Destroyed . | . . . . . . . . . . . . Machines Disabled . | . . . . . . . . . . . . Actions | -11 -10 -10 -10 -9 -8 -7 -6 -6 -6 -6 -5 --------- Run | Yrd Mat Min Exi Min Mat Fac Fac Low Low Dat Pro Total 5213 | 64 221 575 412 301 1415 601 53 678 537 85 271 Wait 355 | . 1 82 . . 239 21 5 . 7 . . Move 4468 | 56 198 459 410 301 1022 520 44 657 453 84 264 Hop . | . . . . . . . . . . . . Pick Up 34 | 2 9 2 . . 12 6 . . 3 . . Fast Attach 35 | 6 2 . 1 . 16 3 . . 5 . 2 Attach 30 | . 1 2 . . 7 6 2 4 7 1 . Detach 4 | . 2 . 1 . 1 . . . . . . Swap 34 | . 2 1 . . 8 10 1 3 9 . . Drop 41 | . 6 2 . . 18 11 . 1 3 . . Fire 156 | . . 24 . . 71 20 . . 41 . . Melee 46 | . . . . . 21 4 1 7 9 . 4 Ram 4 | . . 3 . . . . . . . . 1 Kick . | . . . . . . . . . . . . Crush . | . . . . . . . . . . . . Escape Stasis . | . . . . . . . . . . . . Rewire 6 | . . . . . . . . 6 . . . Trap . | . . . . . . . . . . . . Miscellaneous . | . . . . . . . . . . . . Route ------- -11/Scrapyard -10/Materials -10/Mines -10/Exiles (discovered 2 exits: *Min x2) -9/Mines -8/Materials -7/Factory -6/Factory -6/Lower Caves -6/Lower Caves -6/Data Miner -5/Proximity Caves History --------- Turn | Location | Event 27 | -11/Scrapyard | Discovered new exit (range 13) 78 | -11/Scrapyard | Entered Materials 255 | -10/Materials | Discovered new exit (range 16) 272 | -10/Materials | Entered Mines 300 | -10/Mines | Build established: Mutant 426 | -10/Mines | Received a Rocket Launcher from a helpful Derelict 482 | -10/Mines | Assembled infested the area 592 | -10/Mines | Met 8R-AWN 637 | -10/Mines | Joined a pair of Derelicts in attacking an 0b10 outpost 690 | -10/Mines | Discovered new exit (range 5) 696 | -10/Mines | Entered Exiles 715 | -10/Exiles | Discovered new exit (range 15) 739 | -10/Exiles | Welcomed by 8R-AWN 757 | -10/Exiles | Met EX-HEX 793 | -10/Exiles | Met EX-BIN 809 | -10/Exiles | Aligned with FarCom system 810 | -10/Exiles | Given EX-Vault access code 873 | -10/Exiles | Opened EX-Vault 879 | -10/Exiles | Found Prototype Device 879 | -10/Exiles | Identified Skeleton Box 901 | -10/Exiles | Warned to stay clear of 0b10 Research branches 933 | -10/Exiles | Met EX-DEC 972 | -10/Exiles | Visited The Gauntlet 1164 | -10/Exiles | Discovered new exit (range 10) 1174 | -10/Exiles | Left Exiles lab with Skeleton Box 1174 | -10/Exiles | Entered Mines 1207 | -9/Mines | Met a Derelict bent on vengeance 1488 | -9/Mines | Discovered new exit (range 7) 1524 | -9/Mines | Entered Materials 1524 | -8/Materials | Evolved 4 slots: Propulsion x2, Utility x2 1708 | -8/Materials | Garrison activated, responded to threat 3093 | -8/Materials | Discovered new exit (range 16) 3203 | -8/Materials | Entered Factory 3203 | -7/Factory | Evolved 2 slots: Power x1, Weapon x1 3947 | -7/Factory | Discovered new exit (range 15) 4006 | -7/Factory | Entered another Factory area 4006 | -6/Factory | Evolved 2 slots: Propulsion x1, Weapon x1 4059 | -6/Factory | Discovered new exit (range 4) 4066 | -6/Factory | Entered Lower Caves 4074 | -6/Lower Caves | Learned 4 Factory zone layouts 4114 | -6/Lower Caves | Spotted B-75 Beast 4263 | -6/Lower Caves | Build established: Gladiator 4715 | -6/Lower Caves | Lost 4 parts (1p1n1u1w) 4803 | -6/Lower Caves | Discovered new exit (range 14) 4832 | -6/Lower Caves | Entered another Lower Caves area 4874 | -6/Lower Caves | Attracted the attention of an 0b10 base 4936 | -6/Lower Caves | Destroyed 11 combat bots 4938 | -6/Lower Caves | Lost 3 parts (1p1n1w) 5023 | -6/Lower Caves | Lost 4 parts (1p1n2u) 5059 | -6/Lower Caves | Learned 8 Factory zone layouts 5301 | -6/Lower Caves | Build established: Gunner 5479 | -6/Lower Caves | Destroyed 7 combat bots 5664 | -6/Lower Caves | Attracted the attention of an 0b10 checkpoint 5733 | -6/Lower Caves | Lost 7 parts (2p1n4w) 5778 | -6/Lower Caves | Core integrity fell below 50% 5964 | -6/Lower Caves | Build established: Mutant 6021 | -6/Lower Caves | Discovered new exit (range 8) 6061 | -6/Lower Caves | Entered Data Miner 6062 | -6/Data Miner | Discovered new exit (range 6) 6148 | -6/Data Miner | Met Data Miner 6301 | -6/Data Miner | Learned location of Section 7 (-2) 6301 | -6/Data Miner | Acquired the access code to Warlord's prototype stash 6341 | -6/Data Miner | Received God Mode back door access code from Data Miner 6440 | -6/Data Miner | Entered Proximity Caves 6651 | -5/Proximity Caves | Spotter reported a threat 7115 | -5/Proximity Caves | Spotter reported a threat 7170 | -5/Proximity Caves | Spotter reported a threat 7207 | -5/Proximity Caves | Attracted the attention of an 0b10 outpost 7207 | -5/Proximity Caves | Core integrity fell below 20% 7212 | -5/Proximity Caves | Spotter reported a threat 7221 | -5/Proximity Caves | Destroyed by S-27 Virus with Autogun Last Messages --------------- approaching Complex 0b10. 07168_ N-01 Spotter is scanning... 07170_ N-01 Spotter sends a signal. 07170_ ALERT: Unidentified potential threat approaching Complex 0b10. 07172_ N-01 Spotter sends out distress signal. 07193_ Med. Reactive Plating destroyed. 07198_ Ripper destroyed. 07200_ Hvy. Battle Rifle destroyed. 07203_ Gauss Rifle destroyed. 07206_ Slug penetrates Wall. 07207_ Y-72 Warden: "DETECTED UNIDENTIFIED DERELICT." 07210_ Slammed into N-01 Spotter. 07210_ N-01 Spotter is scanning... 07211_ Y-72 Warden: "REQUESTING BACKUP." 07212_ N-01 Spotter sends a signal. 07212_ ALERT: Unidentified potential threat approaching Complex 0b10. 07216_ Gravmag System destroyed. Map ----- +----------------------------------------------------+ | ?????????????????????????????????????????????????? | | ?????????????????????????????????????????????????? | | ?????????????????????????????????????????????????? | | ?????????????????????????????????????????????????? | | ?????????????????????????????????????????????????? | | ?????????????????????????????????????????????????? | | ?????????????????????????????????????????????????? | | ?????????????????????????????????????????????????? | | ?????????????????????????????????????????????????? | | ?????????????????????????????????????????????????? | | ???????????????????????# ??????????????????????? | | ??????????????????????# #?????????????????????? | | ??????????????????????# ?????????????????????? | | ?????????????????????## ?????????????????????? | | ????????????????????## ?????????????????????? | | ????????????????????# ?????????????????????? | | ????????????????????? ??????????????????????? | | ????????????????????? ??????????????????????? | | ?????????????????????? ??????????????????????? | | ?????????????????????? ??????????????????????? | | ???????????????????????s ??????????????????????? | | ??????????????????????? ??????????????????????? | | ????????????????????????s #?????????? ???????????? | | ????????????????????????s #????????? ??????????? | | ????????????????????????# ###??????? ??????????? | | ????????????????????????#@ ##?????? ??????????? | | ???????????????????????## #?????? ??????????? | | ??????????????????????## #?????? ???????????? | | ?????????????????????## #?????? ???????????? | | ?????????????????????# ##?????? ???????????? | | ?????????????????????# ###?????## ???????????? | | ???????????? ????## #???????# #???????????? | | ????????? ## s##??????# #???????????? | | ?????????????# ##?????# #???????????? | | ????????? $ s ####### #???????????? | | ????????? ## #???????????? | | ?????????? ### ### #???????????? | | ??????????????# #??# ## ###% #?###???????? | | ??????????????# ???# ###### #?# ### ##??????? | | ?????????????# ????# # ?????# #?# ## #??????? | | ?????????????##????# ?????# #?# ## #??????? | | ?????????????????? ?????# ### "# ##?????? | | ????????????????? ##?????# # #####?? | | ???????????????# #???????# ##? | | ???????????????# #???????# #? | | ??????????????? ???????# ## #? | | ?????????????????? ???????# ## ##### #? | | ?????????????????????????# ?#####?### #? | | ????????????????????????# ???????# ## | | ???????????????????????# ]!! ???????# # | +----------------------------------------------------+ Best States ------------- Heat Dissipation 41 Energy Generation 29 Energy Capacity 490 Matter Stores 300 Matter Capacity 300 Sight Range 16 Terrain Scan Range 14 Terrain Scan Density 110 Armor Coverage 450 Resistance: KI 30 Resistance: TH 10 Power Shielding 33 Evasion (%) 55 Melee Accuracy 5 Item Schematics ----------------- Adv. Component Analysis Suite | -6/Data Miner | Free Adv. Force Field | -6/Data Miner | Free Graphene Brace | -6/Data Miner | Free Hvy. Gauss Cannon | -6/Data Miner | Free Adv. Reaction Control System | -6/Data Miner | Free Impulse Thruster | -6/Data Miner | Free Tesla Bomb Launcher | -6/Data Miner | Free Exp. Heat Sink | -6/Data Miner | Free Cld. Gravmag System | -6/Data Miner | Free Lgt. Regenerative Plating | -6/Data Miner | Free Combat Drone Bay | -6/Data Miner | Free Robot Schematics ------------------ A-15 Conveyor | -6/Data Miner | Free H-66 Slayer | -6/Data Miner | Free G-50 Soldier | -6/Data Miner | Free L-41 Fighter | -6/Data Miner | Free B-60 Warrior | -6/Data Miner | Free Fabricated ------------ Nothing Alien Tech Used ----------------- None Achievements -------------- The Oracle Challenges ------------ None Game ------ Seed CoilCoolantFirepult Manual? 0 Play Time 00:57:24 Cumulative 14.2 hours Start 2024.11.30 @ 16:46:38 End 2024.11.30 @ 17:45:13 Sessions 1 Manual Loads 0 Difficulty Rogue Special Mode None Game No. 24 Rogue 24 Adventurer 0 Explorer 0 Win Type - Total 0 Types 0/0/0/0/0/0/0/0/0 Lore% 12 Gallery% 24 Achievement% 17 Wizard Run 0 Options --------- Layout 1 ASCII 0 Keyboard 0 Movement Mouse Keybinds 0 Fullscreen 1 Font 24/Smallcaps Map View 50x35 Zoom Use 0% Tactical HUD 1 Map Filters NONE Filters NONE Steam 1 RUN: ba70ac72-d941-4a1a-b224-a6cce3782ce2